MLB
CHICAGO (A) WHITE SOX @ SAN FRANCISCO GIANTS
05/09/2042
 
TOP OF THE 1ST
Chicago (A) White Sox batting - Pitching for San Francisco Giants : LHP Arturo Silva
Pitching: LHP Arturo Silva
Batting: RHB Bob Parks 0-0: Ball
1-0: Ball
2-0: Called Strike
2-1: Ground out 6-3 (Groundball, 6, EV 100.0 MPH)
Batting: RHB Jake Thomas 0-0: Swinging Strike
0-1: Ball
1-1: Ground out 6-3 (Groundball, 6, EV 84.4 MPH)
Batting: LHB Stan Waters 0-0: Fly out, F8 (Flyball, 8LD, EV 93.1 MPH)
Top of the 1st over - 0 runs, 0 hits, 0 errors, 0 left on base; Chicago (A) 0 - San Francisco 0
BOTTOM OF THE 1ST
San Francisco Giants batting - Pitching for Chicago (A) White Sox : LHP Jorge Flores
Pitching: LHP Jorge Flores
Batting: LHB Johnny Reed 0-0: Called Strike
0-1: Foul Ball, location: 9LMF
0-2: Ball
1-2: Foul Ball, location: 25F
1-2: Ground out U3 (Groundball, 3S, EV 81.3 MPH)
Batting: RHB José Medina 0-0: Called Strike
0-1: Ball
1-1: SINGLE (Groundball, 6MD, EV 102.5 MPH) (infield hit)
Batting: RHB Luis Cortéz 0-0: Ball
1-0: Foul Ball, location: 2F
1-1: SINGLE (Groundball, 15S, EV 70.6 MPH) (infield hit)
José Medina to second
Batting: RHB Joe Silver 0-0: Ball
1-0: Ball
2-0: Called Strike
2-1: Called Strike
2-2: Ball
3-2: Foul Ball, location: 5DF
3-2: Fly out, F4 (Popup, 23, EV 88.8 MPH)
Batting: LHB Jim Beard 0-0: Fielders Choice at 2nd, 5-4 (Groundball, 56, EV 90.6 MPH)
Bottom of the 1st over - 0 runs, 2 hits, 0 errors, 2 left on base; Chicago (A) 0 - San Francisco 0
TOP OF THE 2ND
Chicago (A) White Sox batting - Pitching for San Francisco Giants : LHP Arturo Silva
Batting: LHB Jesús Benavidez 0-0: Ball
1-0: Ball
2-0: Called Strike
2-1: Swinging Strike
2-2: Foul Ball, location: 7LMF
2-2: Fly out, F6 (Popup, 6M, EV 58.8 MPH)
Batting: RHB Ed Livermore 0-0: Swinging Strike
0-1: Foul Ball, location: 2F
0-2: Strikes out swinging
Batting: RHB Jon Heath 0-0: Ball
1-0: Fly out, F8 (Flyball, 8LD, EV 100.6 MPH)
Top of the 2nd over - 0 runs, 0 hits, 0 errors, 0 left on base; Chicago (A) 0 - San Francisco 0
BOTTOM OF THE 2ND
San Francisco Giants batting - Pitching for Chicago (A) White Sox : LHP Jorge Flores
Batting: RHB José Solís 0-0: Called Strike
0-1: Ground out 6-3 (Groundball, 6, EV 85.0 MPH)
Batting: RHB Dave Kondo 0-0: Called Strike
0-1: Ball
1-1: Foul Ball, location: 2F
1-2: Foul Ball, location: 23F
1-2: Ball
2-2: DOUBLE (Flyball, 8RXD, EV 105.6 MPH)
Batting: LHB Jeremy Price 0-0: Fly out, F7 (Flyball, 7LSF, EV 99.4 MPH)
Batting: RHB José Caraballo 0-0: Ball
1-0: Foul Ball, location: 23F
1-1: Ball
2-1: Called Strike
2-2: Foul Ball, location: 23FF
2-2: Ground out 5-3 (Groundball, 56, EV 88.1 MPH)
Bottom of the 2nd over - 0 runs, 1 hit, 0 errors, 1 left on base; Chicago (A) 0 - San Francisco 0
TOP OF THE 3RD
Chicago (A) White Sox batting - Pitching for San Francisco Giants : LHP Arturo Silva
Batting: RHB César Otero 0-0: Ball
1-0: Ball
2-0: Fly out, F7 (Flyball, 7LM, EV 91.9 MPH)
Batting: RHB Greg Wright 0-0: Ball
1-0: Ball
2-0: Ball
3-0: Ground out 3-1 (Groundball, 34S, EV 86.3 MPH)
Batting: SHB Juan Medina 0-0: Ground out 4-3 (Groundball, 4, EV 81.3 MPH)
Top of the 3rd over - 0 runs, 0 hits, 0 errors, 0 left on base; Chicago (A) 0 - San Francisco 0
BOTTOM OF THE 3RD
San Francisco Giants batting - Pitching for Chicago (A) White Sox : LHP Jorge Flores
Batting: LHB Johnny Reed 0-0: Ball
1-0: Foul Ball, location: 5F
1-1: SINGLE (Line Drive, 34D, EV 101.9 MPH)
Batting: RHB José Medina 0-0: Called Strike
0-1: Ball
1-1: Sac Bunt to 3S - play at second, runner OUT! 3-6
Batting: RHB Luis Cortéz 0-0: Ball
1-0: Ball
2-0: Swinging Strike
2-1: Foul Ball, location: 2F
2-2: Strikes out looking
Batting: RHB Joe Silver 0-0: Swinging Strike
0-1: Fielders Choice at 2nd, 5-4 (Groundball, 56, EV 89.4 MPH)
Bottom of the 3rd over - 0 runs, 1 hit, 0 errors, 1 left on base; Chicago (A) 0 - San Francisco 0
TOP OF THE 4TH
Chicago (A) White Sox batting - Pitching for San Francisco Giants : LHP Arturo Silva
Batting: RHB Bob Parks 0-0: Ball
1-0: Called Strike
1-1: Ball
2-1: Ground out 4-3 (Groundball, 4, EV 91.3 MPH)
Batting: RHB Jake Thomas 0-0: Ball
1-0: Called Strike
1-1: Foul Ball, location: 2F
1-2: Ball
2-2: Ground out 4-3 (Groundball, 4, EV 82.5 MPH)
Batting: LHB Stan Waters 0-0: Swinging Strike
0-1: Ball
1-1: Foul Ball, location: 2RF
1-2: Foul Ball, location: 5SF
1-2: Ball
2-2: Foul Ball, location: 2F
2-2: Foul Ball, location: 2F
2-2: Foul Ball, location: 2F
2-2: Ball
3-2: SINGLE (Groundball, 34, EV 86.3 MPH)
Batting: LHB Jesús Benavidez 0-0: Ball
1-0: Foul Ball, location: 2LF
1-1: DOUBLE (Flyball, 8LXD, EV 107.5 MPH)
Stan Waters to third
Runner from 3rd tries for Home, SAFE, throw by CF to trailing runner, SAFE at third!
Batting: RHB Ed Livermore 0-0: Swinging Strike
0-1: Ball
1-1: Called Strike
1-2: Ball
2-2: Foul Ball, location: 5FF
2-2: Foul Ball, location: 5F
2-2: Ground out 1-3 (Groundball, 13S, EV 68.8 MPH)
Top of the 4th over - 1 run, 2 hits, 0 errors, 1 left on base; Chicago (A) 1 - San Francisco 0
BOTTOM OF THE 4TH
San Francisco Giants batting - Pitching for Chicago (A) White Sox : LHP Jorge Flores
Batting: LHB Jim Beard 0-0: Ball
1-0: Ball
2-0: Ball
3-0: Called Strike
3-1: Base on Balls
Batting: RHB José Solís 0-0: Called Strike
0-1: Swinging Strike
0-2: Foul Ball, location: 5DF
0-2: Ball
1-2: Ball
2-2: Foul Ball, location: 5F
2-2: Ball
3-2: Base on Balls
Jim Beard to second
Batting: RHB Dave Kondo 0-0: Foul Ball, location: 2F
0-1: SINGLE (Line Drive, 7S, EV 98.1 MPH)
Jim Beard to third
José Solís to second
Batting: LHB Jeremy Price 0-0: Called Strike
0-1: Fly out, F7 (Flyball, 7, EV 87.5 MPH)
Runner from 3rd tags up, SCORES, throw by LF
Batting: RHB José Caraballo 0-0: SINGLE (Groundball, 6MS, EV 70.0 MPH) (infield hit)
José Solís to third
Dave Kondo to second
Batting: LHB Johnny Reed 0-0: Fly out, F8 (Flyball, 8RS, EV 89.4 MPH)
Batting: RHB José Medina 0-0: Called Strike
0-1: Called Strike
0-2: Fielders Choice at 3rd, U5 (Groundball, 5, EV 84.4 MPH)
Bottom of the 4th over - 1 run, 2 hits, 0 errors, 2 left on base; Chicago (A) 1 - San Francisco 1
TOP OF THE 5TH
Chicago (A) White Sox batting - Pitching for San Francisco Giants : LHP Arturo Silva
Batting: RHB Jon Heath 0-0: Ball
1-0: Foul Ball, location: 9LSFF
1-1: Swinging Strike
1-2: Strikes out swinging
Batting: RHB César Otero 0-0: Swinging Strike
0-1: Ball
1-1: Foul Ball, location: 2F
1-2: Ball
2-2: Foul Ball, location: 7LMF
2-2: Foul Ball, location: 2F
2-2: Ball
3-2: Strikes out swinging
Batting: RHB Greg Wright 0-0: Foul Ball, location: 3F
0-1: DOUBLE (Line Drive, 9LS, EV 93.8 MPH)
Batting: SHB Juan Medina 0-0: Ball
1-0: DOUBLE (Flyball, 78D, EV 110.6 MPH)
Greg Wright scores
Batting: RHB Bob Parks 0-0: Foul Ball, location: 5FF
0-1: Called Strike
0-2: Ball
1-2: Ground out 1-3 (Groundball, 15, EV 70.0 MPH)
Top of the 5th over - 1 run, 2 hits, 0 errors, 1 left on base; Chicago (A) 2 - San Francisco 1
BOTTOM OF THE 5TH
San Francisco Giants batting - Pitching for Chicago (A) White Sox : LHP Jorge Flores
Batting: RHB Luis Cortéz 0-0: Ball
1-0: Ground out 1-3 (Groundball, 13S, EV 69.4 MPH)
Batting: RHB Joe Silver 0-0: Ball
1-0: Called Strike
1-1: Ball
2-1: Fly out, F8 (Flyball, 8RXD, EV 98.1 MPH)
Batting: LHB Jim Beard 0-0: Foul Ball, location: 2F
0-1: Foul Ball, location: 7LSF
0-2: Foul Ball, location: 23F
0-2: Ground out 6-3 (Groundball, 6, EV 99.4 MPH)
Bottom of the 5th over - 0 runs, 0 hits, 0 errors, 0 left on base; Chicago (A) 2 - San Francisco 1
TOP OF THE 6TH
Chicago (A) White Sox batting - Pitching for San Francisco Giants : LHP Arturo Silva
Batting: RHB Jake Thomas 0-0: Ball
1-0: Fly out, F8 (Flyball, 8RD, EV 98.8 MPH)
Batting: LHB Stan Waters 0-0: Foul Ball, location: 9LMFF
0-1: Swinging Strike
0-2: Strikes out looking
Batting: LHB Jesús Benavidez 0-0: Fly out, F9 (Flyball, 9LSF, EV 86.9 MPH)
Top of the 6th over - 0 runs, 0 hits, 0 errors, 0 left on base; Chicago (A) 2 - San Francisco 1
BOTTOM OF THE 6TH
San Francisco Giants batting - Pitching for Chicago (A) White Sox : LHP Jorge Flores
Batting: RHB José Solís 0-0: Foul Ball, location: 3SF
0-1: Ball
1-1: Ball
2-1: Fly out, F8 (Flyball, 8LD, EV 83.1 MPH)
Batting: RHB Dave Kondo 0-0: Ball
1-0: Foul Ball, location: 9LDF
1-1: SOLO HOME RUN (Flyball, 7LD, EV 93.8 MPH), Distance : 354 ft
Batting: LHB Jeremy Price 0-0: Called Strike
0-1: Ground out 1-3 (Groundball, 13S, EV 68.8 MPH)
Batting: RHB José Caraballo 0-0: Ball
1-0: Ground out 4-3 (Groundball, 34, EV 103.1 MPH)
Bottom of the 6th over - 1 run, 1 hit, 0 errors, 0 left on base; Chicago (A) 2 - San Francisco 2
TOP OF THE 7TH
Chicago (A) White Sox batting - Pitching for San Francisco Giants : LHP Arturo Silva
Batting: RHB Ed Livermore 0-0: Ball
1-0: Called Strike
1-1: Swinging Strike
1-2: Ball
2-2: Ground out 6-3 (Groundball, 6, EV 100.0 MPH)
Batting: RHB Jon Heath 0-0: Ball
1-0: Foul Ball, location: 2F
1-1: Ball
2-1: DOUBLE (Line Drive, 7LS, EV 93.1 MPH)
Batting: RHB César Otero 0-0: Swinging Strike
0-1: DOUBLE (Line Drive, 8RXD, EV 108.8 MPH)
Jon Heath scores
Batting: RHB Greg Wright 0-0: Called Strike
César Otero steals 3rd base (no throw)
0-1: Swinging Strike
0-2: Fielders Choice at home, 4-2 (Groundball, 4, EV 83.1 MPH)
Batting: SHB Juan Medina 0-0: Called Strike
0-1: Ball
1-1: Foul Ball, location: 2F
1-2: Fly out, F6 (Line Drive, 6M, EV 63.8 MPH)
Top of the 7th over - 1 run, 2 hits, 0 errors, 1 left on base; Chicago (A) 3 - San Francisco 2
BOTTOM OF THE 7TH
San Francisco Giants batting - Pitching for Chicago (A) White Sox : LHP Jorge Flores
Batting: LHB Johnny Reed 0-0: Fly out, F7 (Line Drive, 7S, EV 106.3 MPH)
Batting: RHB José Medina 0-0: Fly out, F7 (Line Drive, 7S, EV 93.1 MPH)
Batting: RHB Luis Cortéz 0-0: Called Strike
0-1: Ball
1-1: Foul Ball, location: 2F
1-2: Strikes out swinging
Bottom of the 7th over - 0 runs, 0 hits, 0 errors, 0 left on base; Chicago (A) 3 - San Francisco 2
TOP OF THE 8TH
Chicago (A) White Sox batting - Pitching for San Francisco Giants : LHP Arturo Silva
Batting: RHB Bob Parks 0-0: Ball
1-0: Ball
2-0: SINGLE (Groundball, 13, EV 70.6 MPH) (infield hit)
Batting: RHB Jake Thomas 0-0: Called Strike
0-1: Bunted foul
0-2: Ball
1-2: Foul Ball, location: 3SF
1-2: Grounds into double play, 5-4-3 (Groundball, 56, EV 79.4 MPH)
Pinch Hitting: RHB Mal Williamson 0-0: Foul Ball, location: 2F
0-1: Foul Ball, location: 9LSF
0-2: Ground out 5-3 (Groundball, 15, EV 86.3 MPH)
Top of the 8th over - 0 runs, 1 hit, 0 errors, 0 left on base; Chicago (A) 3 - San Francisco 2
BOTTOM OF THE 8TH
San Francisco Giants batting - Pitching for Chicago (A) White Sox : LHP Jorge Flores
Pitching: RHP Juan Padilla
Now in RF: Juan Carlos Jiménez
Batting: RHB Joe Silver 0-0: Called Strike
0-1: Foul Ball, location: 2F
0-2: Strikes out swinging
Batting: LHB Jim Beard 0-0: Ball
1-0: Called Strike
1-1: Ball
2-1: Foul Ball, location: 7LMF
2-2: Ball
3-2: Base on Balls
Batting: RHB José Solís 0-0: Ball
1-0: SINGLE (Groundball, 6S, EV 70.0 MPH) (infield hit)
Jim Beard to second
Batting: RHB Dave Kondo 0-0: Ball
1-0: Foul Ball, location: 9LDF
1-1: Swinging Strike
1-2: Foul Ball, location: 2F
1-2: Foul Ball, location: 2F
1-2: SINGLE (Groundball, 6MD, EV 94.4 MPH)
Jim Beard to third
José Solís to second
Batting: LHB Jeremy Price 0-0: Ball
1-0: SINGLE (Line Drive, 34D, EV 96.3 MPH)
Jim Beard scores
José Solís to third
Dave Kondo to second
Runner from 3rd tries for Home, SAFE, throw by RF to home
Batting: RHB José Caraballo 0-0: Called Strike
0-1: Called Strike
0-2: Ball
1-2: Strikes out swinging
Batting: LHB Johnny Reed 0-0: Swinging Strike
0-1: Foul Ball, location: 3FF
0-2: Ball
1-2: 3-RUN HOME RUN (Flyball, 8LXD, EV 103.8 MPH), Distance : 421 ft
Pitching: RHP Darrel George
Pinch Hitting: LHB Jorge Apodaca 0-0: Foul Ball, location: 2F
0-1: Swinging Strike
0-2: Strikes out looking
Bottom of the 8th over - 5 runs, 4 hits, 0 errors, 0 left on base; Chicago (A) 3 - San Francisco 7
TOP OF THE 9TH
Chicago (A) White Sox batting - Pitching for San Francisco Giants : LHP Arturo Silva
Now at 2B: Jim Beard
Now at SS: Ron Account
Batting: LHB Jesús Benavidez 0-0: Ball
1-0: Called Strike
1-1: Fly out, F8 (Flyball, 8LXD, EV 99.4 MPH)
Batting: RHB Ed Livermore 0-0: Foul Ball, location: 2F
0-1: Ball
1-1: Foul Ball, location: 5FF
1-2: Ball
2-2: Strikes out swinging
Pitching: RHP Mike Thomas
Batting: RHB Jon Heath 0-0: Ball
1-0: Ball
2-0: Swinging Strike
2-1: Ball
3-1: Called Strike
3-2: Strikes out swinging
Top of the 9th over - 0 runs, 0 hits, 0 errors, 0 left on base; Chicago (A) 3 - San Francisco 7
Friday, May 3rd , 2024 - OOTP Baseball 24.10 Build 82